 Dungeon Crawl Stone Soup version 0.31.0-11-ge490571c62 (webtiles) character file.

Game seed: 6132851182451465017

130 ces the Changeling (level 5, -22/38 HPs)
             Began as a Merfolk Shapeshifter on Feb 4, 2024.
             Annihilated by an ogre
             ... wielding a +0 giant spiked club
              (35 damage)
             ... on level 6 of the Dungeon.
             The game lasted 00:06:51 (2775 turns).

ces the Changeling (Merfolk Shapeshifter)           Turns: 2775, Time: 00:06:52

Health: -22/38     AC:  3    Str: 13 (16) XL:     5   Next: 14%
Magic:  5/5        EV: 13    Int:  8 (9)  God:
Gold:   129        SH:  0    Dex: 12 (14) Spells: 4/4 levels left

rFire   . . .        a - +0 arbalest
rCold   . . .        (shield currently unavailable)
rNeg    . . .        o - +1 animal skin
rPois   .            (helmet currently unavailable)
rElec   .            (cloak currently unavailable)
rCorr   .            (gloves currently unavailable)
SInv    .            (boots currently unavailable)
Will    +....        (no amulet)
Stlth   +            (no ring)
HPRegen 0.26/turn    (no ring)
MPRegen 0.09/turn

%: no passive effects
@: beast-form, enlightened, flying
A: beast (slay +2), (nimble swimmer 2), mertail
a: Begin Untransformation


You were on level 6 of the Dungeon.
You were a hulking beast.
You visited 1 branch of the dungeon, and saw 6 of its levels.

You collected 129 gold pieces.

Inventory:

Hand Weapons
 a - a +0 arbalest (weapon)
Missiles
 i - a throwing net
Armour
 o - a +1 animal skin (worn)
Jewellery
 h - a ring of magical power
 l - a +4 ring of protection
Talismans
 c - a beast talisman (active)
 d - a flux talisman
Scrolls
 g - 3 scrolls of immolation
Potions
 b - a potion of lignification
 m - a potion of enlightenment


   Skills:
 - Level 2.1 Fighting
 * Level 2.3 Ranged Weapons
 - Level 3.4 Dodging
 - Level 4.0 Unarmed Combat
 - Level 4.4 Shapeshifting


You had 4 spell levels left.
You didn't know any spells.
Your spell library contained the following spells:

 Spells                   Type           Power      Damage    Failure   Level
 Magic Dart               Conj           0%         1d3       41%         1
 Mercury Vapours          Alch/Air       0%         N/A       54%         2
 Searing Ray              Conj           0%         2d4       54%         2
 Mephitic Cloud           Conj/Alch/Air  0%         N/A       78%         3
 Fulminant Prism          Conj/Alch      0%         3d5       99%         4
 Freezing Cloud           Conj/Ice/Air   0%         6-21      100%        5


Dungeon Overview and Level Annotations

Branches:
Dungeon (6/15)
 Temple: D:4-7

Altars:
Fedhas
Qazlal

Shops:
D:2 ([


Innate Abilities, Weirdness & Mutations

You are a hulking beast.
Your limbs bulge with bestial killing power. (Slay +2)
((You are very nimble when in or above water. (Stealth+, EV+, Speed+++)))
Your lower body shifts to a powerful aquatic tail in water.


Message History

Done waiting.
As you read the scroll labelled LELEAMN NIECS, it crumbles to dust.
It is a scroll of enchant armour.
Your +0 animal skin glows green for a moment.
An iguana comes into view.
The iguana hisses angrily.
a - a +0 arbalest (weapon)
You shoot a bolt. The bolt hits the iguana!
The iguana is heavily wounded.
You shoot a bolt. The bolt hits the iguana.
The iguana is almost dead.
You shoot a bolt. The bolt hits the iguana!
You kill the iguana!
Your Ranged Weapons skill increases to level 2!
You have reached level 5!
You feel agile.
An ogre and 2 orcs come into view.
The orc shouts! x2; You hear a shout!
An orc comes into view. It is wielding a +0 dagger.
An orc comes into view. It is wielding a +0 dagger.
The orc shouts! x2
The ogre hits you with a +0 giant spiked club!
The ogre attacks as it pursues you! The ogre closely misses you.
You shoot a bolt. The bolt hits the ogre!
The ogre is heavily wounded.
The ogre hits you with a +0 giant spiked club!
You shoot a bolt. The bolt hits the ogre.
The ogre is severely wounded.
The ogre barely misses you. The orc attacks as it pursues you!
The orc hits you with a +0 flail. The ogre attacks as it pursues you!
The ogre misses you.
Okay, then.
It was a potion of enlightenment.
You feel very buoyant.
You fly up into the air.
The orc hits you with a +0 flail.
It was a potion of degeneration.
There was something very wrong with that liquid.
You feel weakened.
You feel dopey.
You feel clumsy.
The ogre hits you with a +0 giant spiked club!!
Ouch! That really hurt!
You die...

######
#....#
#....#
#....#
#..h.#
#.Ooo#
#....#
#....#
#..o.#
###.##
#o#
#.#
#.#


You could see an ogre and 4 orcs.

Vanquished Creatures
  An iguana (D:6)
  4 adders
  2 dart slugs
  2 ribbon worms
  An orc (D:3)
  6 ball pythons
  7 endoplasms
  4 giant cockroaches
  6 goblins
  4 hobgoblins
  4 kobolds
  5 quokkas
  6 bats
  3 frilled lizards
  4 rats
59 creatures vanquished.

Notes
Turn   | Place    | Note
-------+----------+-------------------------------------------
     0 | D:1      | ces the Merfolk Shapeshifter began the quest for the Orb.
     0 | D:1      | Reached XP level 1. HP: 15/15 MP: 1/1
   235 | D:1      | Found a faded altar of an unknown god.
   244 | D:1      | Reached XP level 2. HP: 21/21 MP: 2/2
   689 | D:2      | Reached XP level 3. HP: 25/27 MP: 3/3
   749 | D:2      | Found Arhoin Ygul's Armour Shoppe.
  1013 | D:2      | Found Omiuluk's Antique Weapon Emporium.
  1115 | D:2      | Reached XP level 4. HP: 28/33 MP: 4/4
  1728 | D:3      | Reached skill level 1 in Ranged Weapons
  1906 | D:3      | Found a blossoming altar of Fedhas.
  1906 | D:3      | Found a stormy altar of Qazlal.
  2237 | D:4      | Noticed a phantom
  2248 | D:4      | You fall into a shaft and drop 2 floors!
  2391 | D:6      | Noticed an orc warrior
  2397 | D:5      | Entered Level 5 of the Dungeon
  2731 | D:6      | Reached XP level 5. HP: 38/38 MP: 5/5
  2753 | D:6      | Noticed an ogre
  2775 | D:6      | Annihilated by an ogre

Illustrated notes

Levels and vault maps discovered:
D:1:      minmay_arrival_hallway, layout_loops_ring,
          hellmonk_ecumenical_altar_blasted
D:2:      layout_loops_ring, serial_shops, shop, shop, grunt_ministairs_3,
          minmay_misc_feat_columns
D:3:      layout_loops_cross, grunt_temple_overflow_forces_of_nature,
          minmay_fractal_squares_diagonal_5
D:4:      layout_rooms, uniq_pikel
D:5:      layout_cave_pools, uniq_ijyb
D:6:      layout_rooms

Skill      XL: |  1  2  3  4 |
---------------+-------------+-----
Dodging        | 3 |  3.4
Fighting       | 2 |  2.1
Unarmed Combat | 4 |  4.0
Ranged Weapons | 2 |  2.3
Shapeshifting  | |  4.4

Action                     |  1- 3 |  4- 6 || total
---------------------------+-------+-------++-------
  Melee: Unarmed           |    85 |    47 ||   132
         Punch             |     3 |     2 ||     5
   Fire: Arbalest          |       |    39 ||    39
    Use: Scroll            |       |     6 ||     6
         Potion            |       |     6 ||     6
   Stab: Sleeping          |     1 |     1 ||     2
 Armour: Animal skin       |    28 |    51 ||    79
  Dodge: Dodged            |    53 |    57 ||   110
   Form: Beast             |     1 |       ||     1
